PL
CHICAGO GOLD SOX @ TOLEDO TITANS
06/19/2020
 
TOP OF THE 1ST
Chicago Gold Sox batting - Pitching for Toledo Titans : RHP Pedro Ritodíaz
Pitching: RHP Pedro Ritodíaz
Batting: RHB Daniel Lallanilla 0-0: Ground out 6-3 (Groundball, 6M)
Batting: RHB Pablo Trujillo 0-0: Called Strike
0-1: Ball
1-1: Ground out 6-3 (Groundball, 6)
Batting: LHB Noel Ballard 0-0: Foul Ball, location: 2F
0-1: Foul Ball, location: 2F
0-2: Fly out, F7 (Flyball, 7S)
Top of the 1st over - 0 run(s), 0 hit(s), 0 error(s), 0 left on base; Chicago 0 - Toledo 0
BOTTOM OF THE 1ST
Toledo Titans batting - Pitching for Chicago Gold Sox : LHP Wayne Craig
Pitching: LHP Wayne Craig
Batting: LHB Michael Greene 0-0: Ball
1-0: Fly out, F7 (Flyball, 7M)
Batting: LHB Héctor Cortéz 0-0: Ball
1-0: Foul Ball, location: 2F
1-1: Ball
2-1: Foul Ball, location: 2F
2-2: Hit by Pitch
Batting: LHB Michael Neely 0-0: Ball
1-0: Swinging Strike
1-1: Ball
2-1: Ball
3-1: Foul Ball, location: 2F
3-2: Base on Balls
Héctor Cortéz to second
Batting: LHB Iván Gonzáles 0-0: Called Strike
0-1: Foul Ball, location: 2F
0-2: Ball
1-2: Ball
2-2: Foul Ball, location: 2F
2-2: Ball
3-2: Strikes out looking
Batting: LHB David Martínez 0-0: Ball
1-0: Fielders Choice at 2nd, U6 (Groundball, 6M)
Bottom of the 1st over - 0 run(s), 0 hit(s), 0 error(s), 2 left on base; Chicago 0 - Toledo 0
TOP OF THE 2ND
Chicago Gold Sox batting - Pitching for Toledo Titans : RHP Pedro Ritodíaz
Batting: RHB Chris Smith 0-0: Foul Ball, location: 2F
0-1: Ball
1-1: Ball
2-1: Foul Ball, location: 2F
2-2: Ground out 6-3 (Groundball, 6M)
Batting: LHB Herman Hayes 0-0: Called Strike
0-1: SINGLE (Flyball, 7S)
Batting: RHB John Farrell 0-0: Grounds into double play, 5-4-3 (Groundball, 5)
Top of the 2nd over - 0 run(s), 1 hit(s), 0 error(s), 0 left on base; Chicago 0 - Toledo 0
BOTTOM OF THE 2ND
Toledo Titans batting - Pitching for Chicago Gold Sox : LHP Wayne Craig
Batting: RHB Sherman Davis 0-0: Ball
1-0: Ball
2-0: Ball
3-0: Base on Balls
Batting: RHB Ingo van Ham 0-0: Called Strike
0-1: Swinging Strike
0-2: Strikes out swinging
Batting: RHB Brad Brown 0-0: Called Strike
0-1: Ball
1-1: Called Strike
1-2: Ball
2-2: Foul Ball, location: 2F
2-2: Ball
3-2: Fly out, F8 (Flyball, 8RXD)
Batting: RHB Pedro Ritodíaz 0-0: Ball
1-0: Foul Ball, location: 2F
1-1: Ball
2-1: Foul Ball, location: 2F
2-2: Foul Ball, location: 2F
2-2: SINGLE (Flyball, 89S)
Sherman Davis to second
Runner from 2nd tries for 3rd, SAFE, no throw or cutoff
Batting: LHB Michael Greene 0-0: Ball
1-0: Foul Ball, location: 2F
1-1: Ball
2-1: DOUBLE (Line Drive, 8RXD)
Sherman Davis scores
Pedro Ritodíaz to third
Runner from 3rd tries for Home, throw and OUT!
Bottom of the 2nd over - 1 run(s), 2 hit(s), 0 error(s), 1 left on base; Chicago 0 - Toledo 1
TOP OF THE 3RD
Chicago Gold Sox batting - Pitching for Toledo Titans : RHP Pedro Ritodíaz
Batting: RHB Juan Orozco 0-0: Called Strike
0-1: SINGLE (Line Drive, 8LS)
Batting: RHB Tyrone Scott 0-0: Called Strike
0-1: Ball
1-1: Foul Ball, location: 2F
1-2: Fly out, F9 (Flyball, 9M)
Batting: LHB Wayne Craig 0-0: Sac Bunt - play at second, runner OUT -> throw to first, DP!
Top of the 3rd over - 0 run(s), 1 hit(s), 0 error(s), 0 left on base; Chicago 0 - Toledo 1
BOTTOM OF THE 3RD
Toledo Titans batting - Pitching for Chicago Gold Sox : LHP Wayne Craig
Batting: LHB Héctor Cortéz 0-0: Swinging Strike
0-1: SINGLE (Groundball, 4MD)
Batting: LHB Michael Neely 0-0: Fielders Choice at 2nd, 4-6 (Groundball, 34)
Batting: LHB Iván Gonzáles 0-0: Ball
1-0: Called Strike
1-1: Foul Ball, location: 2F
1-2: Ball
2-2: Strikes out looking
Batting: LHB David Martínez 0-0: Ball
1-0: Reached on Error, E1 (Line Drive, 15)
Michael Neely to second
Batting: RHB Sherman Davis 0-0: Ball
1-0: Called Strike
1-1: Called Strike
1-2: Foul Ball, location: 2F
1-2: Ball
2-2: DOUBLE (Line Drive, 56D)
Michael Neely scores
David Martínez to third
Runner from 3rd tries for Home, SAFE, no throw or cutoff
Batting: RHB Ingo van Ham 0-0: Called Strike
0-1: Swinging Strike
0-2: Ball
1-2: Ball
2-2: Ball
3-2: Fly out, F6 (Line Drive, 56)
Bottom of the 3rd over - 2 run(s), 2 hit(s), 1 error(s), 1 left on base; Chicago 0 - Toledo 3
TOP OF THE 4TH
Chicago Gold Sox batting - Pitching for Toledo Titans : RHP Pedro Ritodíaz
Batting: RHB Daniel Lallanilla 0-0: Foul Ball, location: 2F
0-1: Called Strike
0-2: Ball
1-2: SINGLE (Line Drive, 9S)
Batting: RHB Pablo Trujillo 0-0: Called Strike
0-1: Ball
1-1: Called Strike
1-2: Ball
2-2: Grounds out, U3 (Groundball, 3L)
Batting: LHB Noel Ballard 0-0: Foul Ball, location: 2F
0-1: Ball
1-1: SINGLE (Groundball, 4MD)
Daniel Lallanilla to third
Runner from 3rd tries for Home, SAFE, no throw or cutoff
Batting: RHB Chris Smith 0-0: Ball
Noel Ballard is caught stealing 2nd base
1-0: Called Strike
1-1: Ball
2-1: Foul Ball, location: 2F
2-2: Foul Ball, location: 2F
2-2: Strikes out looking
Top of the 4th over - 1 run(s), 2 hit(s), 0 error(s), 0 left on base; Chicago 1 - Toledo 3
BOTTOM OF THE 4TH
Toledo Titans batting - Pitching for Chicago Gold Sox : LHP Wayne Craig
Batting: RHB Brad Brown 0-0: Ball
1-0: SINGLE (Line Drive, 34)
Batting: RHB Pedro Ritodíaz 0-0: Called Strike
0-1: Sac Bunt - play at first, batter OUT! 1-4
Brad Brown to second
Batting: LHB Michael Greene 0-0: Ball
1-0: Called Strike
1-1: Foul Ball, location: 2F
1-2: Foul Ball, location: 2F
1-2: Foul Ball, location: 2F
1-2: Ball
2-2: SINGLE (Groundball, 56D)
Brad Brown to third
Runner from 3rd tries for Home, SAFE, throw made home
Michael Greene to second
Batting: LHB Héctor Cortéz 0-0: Ball
1-0: Ball
2-0: Ball
3-0: Base on Balls
Batting: LHB Michael Neely 0-0: Called Strike
0-1: Ball
1-1: Ball
2-1: Called Strike
2-2: SINGLE (Line Drive, 4D)
Michael Greene to third
Héctor Cortéz to second
Batting: LHB Iván Gonzáles 0-0: Called Strike
0-1: Ball
1-1: Foul Ball, location: 2F
1-2: Ball
2-2: Ball
3-2: Fly out, F7 (Line Drive, 7M)
Batting: LHB David Martínez 0-0: Ball
1-0: Fly out, F8 (Flyball, 8LXD)
Bottom of the 4th over - 1 run(s), 3 hit(s), 0 error(s), 3 left on base; Chicago 1 - Toledo 4
TOP OF THE 5TH
Chicago Gold Sox batting - Pitching for Toledo Titans : RHP Pedro Ritodíaz
Batting: LHB Herman Hayes 0-0: Ball
1-0: Ball
2-0: Called Strike
2-1: Swinging Strike
2-2: Ball
3-2: Base on Balls
Batting: RHB John Farrell 0-0: Ball
1-0: Ground out 5-3 (Groundball, 56S)
Herman Hayes to second
Batting: RHB Juan Orozco 0-0: Called Strike
0-1: Ball
1-1: DOUBLE (Flyball, 7LD)
Herman Hayes scores
Batting: RHB Tyrone Scott 0-0: Ball
1-0: Swinging Strike
1-1: Ball
2-1: Swinging Strike
2-2: Strikes out looking
Batting: LHB Wayne Craig 0-0: Foul Ball, location: 2F
0-1: Foul Ball, location: 2F
0-2: Ground out 6-3 (Groundball, 6)
Top of the 5th over - 1 run(s), 1 hit(s), 0 error(s), 1 left on base; Chicago 2 - Toledo 4
BOTTOM OF THE 5TH
Toledo Titans batting - Pitching for Chicago Gold Sox : LHP Wayne Craig
Batting: RHB Sherman Davis 0-0: Ball
1-0: Fly out, F7 (Flyball, 7D)
Batting: RHB Ingo van Ham 0-0: Ball
1-0: Fly out, F8 (Line Drive, 8RD)
Batting: RHB Brad Brown 0-0: Ground out 1-3 (Groundball, 23)
Bottom of the 5th over - 0 run(s), 0 hit(s), 0 error(s), 0 left on base; Chicago 2 - Toledo 4
TOP OF THE 6TH
Chicago Gold Sox batting - Pitching for Toledo Titans : RHP Pedro Ritodíaz
Batting: RHB Daniel Lallanilla 0-0: Ball
1-0: Foul Ball, location: 2F
1-1: Ball
2-1: Ball
3-1: Base on Balls
Batting: RHB Pablo Trujillo 0-0: Ball
1-0: Ball
2-0: Bunted foul
2-1: Sac Bunt - play at first, batter OUT! 1-4
Daniel Lallanilla to second
Batting: LHB Noel Ballard 0-0: Called Strike
0-1: Ball
1-1: Swinging Strike
1-2: Ball
2-2: Ball
3-2: Base on Balls
Batting: RHB Chris Smith 0-0: Ball
Daniel Lallanilla steals 3rd base
Noel Ballard to second
1-0: Fly out, F9 (Line Drive, 9M)
Runner from 3rd tags up, SCORES, no throw
Batting: LHB Herman Hayes 0-0: Ball
1-0: Ball
2-0: Ground out 2-3 (Groundball, 2L)
Top of the 6th over - 1 run(s), 0 hit(s), 0 error(s), 1 left on base; Chicago 3 - Toledo 4
BOTTOM OF THE 6TH
Toledo Titans batting - Pitching for Chicago Gold Sox : LHP Wayne Craig
Pinch Hitting: LHB Takahiro Harada 0-0: Ball
1-0: Reached on error, E2 (Groundball, 15S)
Batting: LHB Michael Greene 0-0: Ball
1-0: Ball
2-0: Called Strike
2-1: Ball
3-1: Foul Ball, location: 2F
3-2: Foul Ball, location: 2F
3-2: Ground out 3-1 (Groundball, 34S)
Takahiro Harada to third
Pitching: RHP Héctor Alarcon
Batting: LHB Héctor Cortéz 0-0: Called Strike
0-1: Ground out 4-3 (Groundball, 34)
Batting: LHB Michael Neely 0-0: Called Strike
0-1: SINGLE (Groundball, 34D) (infield hit)
Takahiro Harada scores
Batting: LHB Iván Gonzáles 0-0: Ball
1-0: Ball
2-0: Ball
3-0: Called Strike
3-1: Swinging Strike
3-2: Foul Ball, location: 2F
3-2: Foul Ball, location: 2F
3-2: Strikes out swinging
Bottom of the 6th over - 1 run(s), 1 hit(s), 1 error(s), 1 left on base; Chicago 3 - Toledo 5
TOP OF THE 7TH
Chicago Gold Sox batting - Pitching for Toledo Titans : RHP Pedro Ritodíaz
Pitching: RHP Ryoichi Maruyama
Batting: RHB John Farrell 0-0: Ball
1-0: Ground out 4-3 (Groundball, 4)
Batting: RHB Juan Orozco 0-0: Ball
1-0: Swinging Strike
1-1: DOUBLE (Line Drive, 89S)
Batting: RHB Tyrone Scott 0-0: Foul Ball, location: 2F
0-1: DOUBLE (Flyball, 9LD)
Juan Orozco scores
Pinch Hitting: LHB Chris Hill 0-0: Ball
1-0: Fly out, F7 (Flyball, 7M)
Batting: RHB Daniel Lallanilla 0-0: Called Strike
0-1: Ball
1-1: Fly out, F7 (Flyball, 7S)
Top of the 7th over - 1 run(s), 2 hit(s), 0 error(s), 1 left on base; Chicago 4 - Toledo 5
BOTTOM OF THE 7TH
Toledo Titans batting - Pitching for Chicago Gold Sox : RHP Héctor Alarcon
Pitching: LHP Fernando Castro
Batting: LHB David Martínez 0-0: Ball
1-0: Fly out, F7 (Flyball, 7LM)
Batting: RHB Sherman Davis 0-0: Ball
1-0: Ground out 6-3 (Groundball, 6M)
Batting: RHB Ingo van Ham 0-0: Swinging Strike
0-1: Ball
1-1: Ground out U3 (Groundball, 3)
Bottom of the 7th over - 0 run(s), 0 hit(s), 0 error(s), 0 left on base; Chicago 4 - Toledo 5
TOP OF THE 8TH
Chicago Gold Sox batting - Pitching for Toledo Titans : RHP Ryoichi Maruyama
Batting: RHB Pablo Trujillo 0-0: Swinging Strike
0-1: Ground out 5-3 (Groundball, 56)
Batting: LHB Noel Ballard 0-0: Swinging Strike
0-1: Called Strike
0-2: Ball
1-2: Ball
2-2: Foul Ball, location: 2F
2-2: Foul Ball, location: 2F
2-2: Ball
3-2: Base on Balls
Batting: RHB Chris Smith 0-0: Ball
Noel Ballard steals 2nd base
1-0: Swinging Strike
1-1: Called Strike
1-2: Ball
2-2: Strikes out looking
Batting: LHB Herman Hayes 0-0: Ball
1-0: Ball
2-0: Foul Ball, location: 2F
2-1: Ball
3-1: Base on Balls
Batting: RHB John Farrell 0-0: Ball
1-0: Foul Ball, location: 2F
1-1: Fielders Choice at 2nd, U6 (Groundball, 6M)
Top of the 8th over - 0 run(s), 0 hit(s), 0 error(s), 2 left on base; Chicago 4 - Toledo 5
BOTTOM OF THE 8TH
Toledo Titans batting - Pitching for Chicago Gold Sox : LHP Fernando Castro
Batting: RHB Brad Brown 0-0: Called Strike
0-1: Called Strike
0-2: SINGLE (Groundball, 34D)
Pinch Hitting: RHB Juan Ramos 0-0: Sac Bunt - play at first, batter OUT! 1-4
Brad Brown to second
Batting: LHB Michael Greene 0-0: Foul Ball, location: 2F
0-1: Ground out 4-3 (Groundball, 4)
Brad Brown to third
Batting: LHB Héctor Cortéz 0-0: Called Strike
0-1: Foul Ball, location: 2F
0-2: Strikes out swinging
Bottom of the 8th over - 0 run(s), 1 hit(s), 0 error(s), 1 left on base; Chicago 4 - Toledo 5
TOP OF THE 9TH
Chicago Gold Sox batting - Pitching for Toledo Titans : RHP Ryoichi Maruyama
Pitching: LHP Xavier Perea
Batting: RHB Juan Orozco 0-0: SINGLE (Line Drive, 34)
Batting: RHB Tyrone Scott 0-0: Ball
1-0: Foul Ball, location: 2F
1-1: Grounds into double play, 6-4-3 (Groundball, 6)
Pinch Hitting: LHB William Wise 0-0: SINGLE (Flyball, 6MD)
Batting: RHB Daniel Lallanilla 0-0: Ball
Passed Ball!
William Wise to second
1-0: Ball
2-0: Foul Ball, location: 2F
2-1: Foul Ball, location: 2F
2-2: Ball
3-2: Base on Balls
Batting: RHB Pablo Trujillo 0-0: Foul Ball, location: 2F
0-1: Swinging Strike
0-2: Ball
1-2: Strikes out swinging
Top of the 9th over - 0 run(s), 2 hit(s), 0 error(s), 2 left on base; Chicago 4 - Toledo 5
This league is powered by Out of the Park Baseball, the baseball management simulation game for PC, Mac and Linux
Friday, October 23rd, 2015 - OOTP Baseball 16.9 Build 39